 Dungeon Crawl Stone Soup version 0.31.0-12-g77e489cdc1 (webtiles) character file.

Game seed: 17104362278614061908

141 spaghetti the Grave Robber (level 5, -2/28 (30) HPs)
             Began as a Deep Elf Necromancer on Feb 17, 2024.
             Killed from afar by Natasha (11 damage)
             ... with a magic dart
             ... on level 3 of the Dungeon.
             The game lasted 00:02:39 (2190 turns).

spaghetti the Grave Robber (Deep Elf Necromancer)   Turns: 2190, Time: 00:02:40

HP:   -2/28 (30)    AC:  2    Str:  5    XL:     5   Next: 3%
MP:   1/13          EV: 12    Int: 22    God:
Gold: 183           SH:  0    Dex: 15    Spells: 2/12 levels left

rFire   . . .        i - +5 club
rCold   . . .        (no shield)
rNeg    . . .        a - +0 robe
rPois   .            (no helmet)
rElec   .            (no cloak)
rCorr   .            (no gloves)
SInv    .            (no boots)
Will    .....        (no amulet)
Stlth   +++          (no ring)
HPRegen 0.24/turn    (no ring)
MPRegen 0.13/turn

%: no passive effects
@: animating dead, very slightly contaminated, drained
A: no striking features
a: no special abilities


You were on level 3 of the Dungeon.
You visited 1 branch of the dungeon, and saw 3 of its levels.

You collected 183 gold pieces.

Inventory:

Hand Weapons
 i - a +5 club (weapon)
Armour
 a - a +0 robe (worn)
Wands
 h - a wand of paralysis (7)
Scrolls
 c - a scroll of immolation
 d - a scroll of revelation
 g - a scroll of identify
Potions
 b - 2 potions of magic
 e - a potion of heal wounds {unknown}
 f - a potion of enlightenment {unknown}
 j - 2 potions of attraction {unknown}
 k - a potion of brilliance {unknown}
 l - a potion of degeneration {unknown}


   Skills:
 + Level 1.7 Fighting
 - Level 2.4 Dodging
 + Level 4.0 Stealth
 + Level 4.3 Spellcasting
 + Level 0.5 Conjurations
 - Level 5.5 Necromancy


You had 2 spell levels left.
You knew the following spells:

 Your Spells              Type           Power      Damage    Failure   Level
a - Necrotise             Necr           100%       1d9       1%          1
b - Animate Dead          Necr           29%        N/A       11%         4
c - Iskenderun's Battles  Conj           7%         2d6       94%         5

Your spell library contained the following spells:

 Spells                   Type           Power      Damage    Failure   Level
 Vampiric Draining        Necr           29%        2d8       3%          3
 Dazzling Flash           Conj/Hex       12%        N/A       28%         3
 Mephitic Cloud           Conj/Alch/Air  5%         N/A       30%         3
 Curse of Agony           Necr           29%        N/A       30%         5
 Silence                  Hex/Air        2%         N/A       96%         5
 Bombard                  Conj/Erth      3%         9d1       100%        6
 Spellforged Servitor     Conj/Summ      3%         N/A       100%        7


Dungeon Overview and Level Annotations

Branches:
Dungeon (3/15)

Altars:

Shops:
D:1 *

Annotations:
D:3 Natasha


Message History

You are too injured to fight recklessly!
You are too injured to fight recklessly!
You are too injured to fight recklessly!
You are too injured to fight recklessly!
You are too injured to fight recklessly!
You are too injured to fight recklessly!
You are too injured to fight recklessly!
You are too injured to fight recklessly!
You are too injured to fight recklessly!
You are too injured to fight recklessly!
You are too injured to fight recklessly!
You are too injured to fight recklessly!
Casting: Animate Dead (extremely dangerous; 11% risk of failure)
Confirm with . or Enter, or press ? or * to list all spells.
Aiming: Necrotise (safe; 1% risk of failure)
Press: ? - help, Shift-Dir - straight line, f/p - Natasha
Aim: Natasha (moderately wounded, chance to affect: 83%) Natasha barely resists.
Casting: Necrotise (safe; 1% risk of failure)
Confirm with . or Enter, or press ? or * to list all spells.
Aiming: Necrotise (safe; 1% risk of failure)
Press: ? - help, Shift-Dir - straight line, f/p - Natasha
Aim: Natasha (moderately wounded, chance to affect: 83%) Natasha writhes in agony.
Casting: Necrotise (safe; 1% risk of failure)
Confirm with . or Enter, or press ? or * to list all spells.
Aiming: Necrotise (safe; 1% risk of failure)
Press: ? - help, Shift-Dir - straight line, f/p - Natasha
Aim: Natasha (heavily wounded, chance to affect: 83%) Natasha barely resists.
Natasha claws you.
Casting: Necrotise (safe; 1% risk of failure)
Confirm with . or Enter, or press ? or * to list all spells.
Aiming: Necrotise (safe; 1% risk of failure)
Press: ? - help, Shift-Dir - straight line, f/p - Natasha
Aim: Natasha (heavily wounded, chance to affect: 83%) Natasha writhes in agony.
Natasha stares at you and mumbles some strange words.
The magic dart hits you!
You die...
Natasha begins licking her fur clean.

#.#.#
#####..#....######.
#...##
#..#.#..#######
##...#
#.............#
##..#
#.##.....##..<.
#..#
#.....##....#..
####
###.#.####...##..
###..........#..#..
#.<....########....
#h@....# #####
.....h#####.#
....## ### ... .h .


You could see a hound and Natasha.

Vanquished Creatures
  A bombardier beetle (D:3)
  Ijyb (D:3)
  4 adders
  2 ribbon worms (D:3)
  4 ball pythons
  An endoplasm (D:3)
  A giant cockroach (D:2)
  2 goblins (D:3)
  4 hobgoblins
  A quokka (D:1)
  4 bats
  A frilled lizard (D:1)
  4 kobolds
  2 rats
32 creatures vanquished.

Vanquished Creatures (collateral kills)
  A dart slug (D:2)
  A ball python (D:1)
  An endoplasm (D:1)
  A giant cockroach (D:2)
4 creatures vanquished.

Grand Total: 36 creatures vanquished

Notes
Turn   | Place    | Note
-------+----------+-------------------------------------------
     0 | D:1      | spaghetti the Deep Elf Necromancer began the quest for the
                  | Orb.
     0 | D:1      | Reached XP level 1. HP: 10/10 MP: 6/6
   270 | D:1      | Found Naaskow's General Store.
   306 | D:1      | Reached skill level 5 in Necromancy
   306 | D:1      | Reached XP level 2. HP: 16/16 MP: 8/8
  1263 | D:2      | Reached XP level 3. HP: 20/20 MP: 6/10
  1455 | D:2      | Reached skill level 1 in Fighting
  1527 | D:3      | Noticed Ijyb
  1536 | D:3      | Killed Ijyb
  1620 | D:3      | Reached XP level 4. HP: 25/25 MP: 9/11
  1628 | D:3      | Learned a level 4 spell: Animate Dead
  1642 | D:3      | HP: 1/25 [burnt (5)]
  2083 | D:3      | Reached XP level 5. HP: 29/30 MP: 6/13
  2089 | D:3      | Learned a level 5 spell: Iskenderun's Battlesphere
  2183 | D:3      | Noticed Natasha
  2190 | D:3      | Killed from afar by Natasha

Illustrated notes

Levels and vault maps discovered:
D:1:      dpeg_arrival_water_temple_mockup, layout_basic, serial_shops, shop
D:2:      layout_basic, st_stairs_1
D:3:      layout_rooms, tso_altar, minmay_misc_feat_square, uniq_natasha,
          uniq_ijyb

Skill      XL: |  1  2  3  4 |
---------------+-------------+-----
Necromancy     | 5 |  5.5
Stealth        | 3 4 |  4.0
Fighting       | 1 |  1.7
Spellcasting   | 4 |  4.3
Dodging        | |  2.4
Conjurations   | |  0.5

Action                     |  1- 3 |  4- 6 || total
---------------------------+-------+-------++-------
  Melee: Unarmed           |    14 |       ||    14
         Club              |       |    13 ||    13
   Cast: Necrotise         |    40 |    25 ||    65
         Animate Dead      |       |     1 ||     1
    Use: Scroll            |     3 |       ||     3
 Armour: Robe              |    11 |    10 ||    21
  Dodge: Dodged            |    14 |    12 ||    26
